 Dungeon Crawl Stone Soup version 0.30-a0-51-g784eafce7f (webtiles) character file.

Game seed: 5868722290092841048

212 BritishOli the Trooper (level 5, -4/42 HPs)
             Began as a Demonspawn Fighter on Sept 6, 2022.
             Slain by Terence
             ... wielding a +0 flail
              (6 damage)
             ... on level 2 of the Dungeon.
             The game lasted 00:01:38 (2124 turns).

BritishOli the Trooper (Demonspawn Fighter)         Turns: 2124, Time: 00:01:39

Health: -4/42      AC:  8    Str: 18    XL:     5   Next: 58%
Magic:  5/5        EV:  9    Int:  9    God:
Gold:   129        SH:  5    Dex: 13    Spells: 4/4 levels left

rFire   . . .      SeeInvis .    a - +0 long sword
rCold   . . .      Faith    .    c - +0 buckler
rNeg    . . .      Spirit   .    b - +0 scale mail
rPois   .          Reflect  .    (no helmet)
rElec   .          Harm     .    (no cloak)
rCorr   .          Rampage  .    (no gloves)
Will    .....                    i - +0 pair of boots
Stlth   ..........               (no amulet)
HPRegen 0.14/turn                (no ring)
MPRegen 0.09/turn                (no ring)

@: no status effects
A: claws 2
a: no special abilities


You were on level 2 of the Dungeon.
You visited 1 branch of the dungeon, and saw 2 of its levels.

You collected 129 gold pieces.

Inventory:

Hand Weapons
 a - a +0 long sword (weapon)
Missiles
 l - 3 boomerangs (quivered)
Armour
 b - a +0 scale mail (worn)
 c - a +0 buckler (worn)
 i - a +0 pair of boots (worn)
Scrolls
 f - 2 scrolls of teleportation {unknown}
 g - a scroll of identify {unknown}
 j - 2 scrolls of immolation {unknown}
 k - 2 scrolls of fear {unknown}
Potions
 d - a potion of might
 e - a potion of curing {unknown}
 h - a potion of degeneration {unknown}


   Skills:
 + Level 4.1 Fighting
 + Level 3.0 Long Blades
 + Level 3.7 Armour
 + Level 3.6 Shields


You had 4 spell levels left.
You didn't know any spells.
Your spell library was empty.

Dungeon Overview and Level Annotations

Branches:
Dungeon (2/15)

Altars:

Annotations:
D:2 Terence


Innate Abilities, Weirdness & Mutations

You have very sharp fingernails.


Message History

You are too injured to fight recklessly!
You are too injured to fight recklessly!
You are too injured to fight recklessly!
You are too injured to fight recklessly!
You are too injured to fight recklessly!
You closely miss Terence.
Terence is severely wounded.
Terence hits you with a +0 flail. Terence closely misses you.
You slash Terence!
Terence is almost dead.
You block Terence's attack.
You hit Terence but do no damage.
Terence is almost dead.
Terence hits you with a +0 flail.
You hit Terence but do no damage.
Terence is almost dead.
Terence hits you with a +0 flail.
* * * LOW HITPOINT WARNING * * *
Terence closely misses you.
You barely miss Terence.
Terence is almost dead.
Terence hits you but does no damage.
You barely miss Terence.
Terence is almost dead.
You block Terence's attack.
You hit Terence but do no damage.
Terence is almost dead.
You block Terence's attack.
You barely miss Terence.
Terence is almost dead.
Terence says, "Time to say good-bye..."
You block Terence's attack. Terence closely misses you.
You closely miss Terence.
Terence is almost dead.
Terence hits you with a +0 flail!
* * * LOW HITPOINT WARNING * * *
You closely miss Terence.
Terence is almost dead.
Terence hits you with a +0 flail.
You die...

##.##.# #.....#
####.#### #.....#
#.....# #.#
##.#### ########
## #.# ##.# #. .#
<.. ##.# ##### .#.
.#. ##.#
#...######... #.
.#
##.###........##.#
## ##
##>#.......##.##@#
#.#.......##.##@#
#>..............#
#####...####.####
#...####.#
###......#
########


You could see Terence.

Vanquished Creatures
  Sigmund (D:2)
  An orc wizard (D:2)
  A worm (D:2)
  A dart slug (D:1)
  3 orcs (D:2)
  5 bats
  6 endoplasms
  2 giant cockroaches (D:1)
  3 goblins
  A hobgoblin (D:2)
  A quokka (D:2)
  2 ball pythons
  3 frilled lizards
  3 kobolds
  3 rats
36 creatures vanquished.

Notes
Turn   | Place    | Note
-------+----------+-------------------------------------------
     0 | D:1      | BritishOli the Demonspawn Fighter began the quest for the
                  | Orb.
     0 | D:1      | Reached XP level 1. HP: 18/18 MP: 1/1
   256 | D:1      | Found a faded altar of an unknown god.
   373 | D:1      | Gained mutation: You have sharp fingernails. [demonic
                  | ancestry]
   373 | D:1      | Reached XP level 2. HP: 24/24 MP: 2/2
  1270 | D:2      | Noticed Sigmund
  1279 | D:2      | Killed Sigmund
  1280 | D:2      | Reached skill level 4 in Fighting
  1280 | D:2      | Gained mutation: You have very sharp fingernails. [demonic
                  | ancestry]
  1280 | D:2      | Reached XP level 3. HP: 25/30 MP: 3/3
  1280 | D:2      | Reached XP level 4. HP: 31/37 MP: 4/4
  1280 | D:2      | Reached XP level 5. HP: 36/42 MP: 5/5
  2091 | D:2      | Noticed Terence
  2123 | D:2      | HP: 2/42 [Terence/+0 flail (7)]
  2124 | D:2      | Slain by Terence

Illustrated notes

Levels and vault maps discovered:
D:1:      erik_arrival_blinker_ship, layout_basic, basic_ecumenical_altar,
          hex_intersection, hangedman_decor_lopped,
          chequers_serial_rivers_large_b, minmay_pentomino_s2
D:2:      layout_loops_cross, nicolae_underground_beach, uniq_sigmund,
          uniq_terence

Skill      XL: |  1  2  3  4  5 |
---------------+----------------+-----
Long Blades    | 2 3 |  3.0
Armour         | 3 |  3.7
Fighting       | 4 |  4.1
Shields        | 3 |  3.6

Action                   |  1- 3 |  4- 6 || total
-------------------------+-------+-------++-------
Melee: Long sword        |    81 |    98 ||   179
Armor: Scale mail        |    54 |    55 ||   109
Dodge: Dodged            |    48 |    41 ||    89
Block: Buckler           |    22 |    19 ||    41

Table legend: (Time is in decaauts)
 A = Elapsed time spent in this place.
 B = Non-inter-level travel time spent in this place.
 C = Inter-level travel time spent in this place.
 D = Time resting spent in this place.
 E = Time spent auto-exploring this place.
 F = Levels seen in this place.
 G = Mean time per level.
                   A        B        C        D        E       F      G
               +--------+--------+--------+--------+--------+-----+--------+
         Total |   2206 |   2175 |     31 |    186 |   1589 |   2 | 1103.0 |
       Dungeon |   2206 |   2175 |     31 |    186 |   1589 |   2 | 1103.0 |
               +--------+--------+--------+--------+--------+-----+--------+

Top non-repeatable levels by time:
     D:1: 1225 daAuts
     D:2: 981 daAuts
